 Dungeon Crawl Stone Soup version 0.16.1-30-g34a7ffa (webtiles) character file.

10574 Jb9000 the Covert (level 11, -2/74 HPs)
             Began as a Gargoyle Fighter on June 30, 2015.
             Was a Follower of Ru.
             Slain by a 18-headed hydra (6 damage)
             ... on level 12 of the Dungeon.
             The game lasted 01:11:46 (11776 turns).

Jb9000 the Covert (Gargoyle Fighter)               Turns: 11776, Time: 01:11:47

Health: -2/74      AC: 22    Str: 28      XL:     11   Next: 64%
Magic:  19/21      EV: 12    Int:  5 (6)  God:    Ru [*.....]
Gold:   86         SH:  0    Dex: 10      Spells: 1 memorised, 20 levels left

rFire  . . .     SeeInvis .     L - +0 club (chaos)
rCold  . . .     Clarity  .     b - +0 scale mail
rNeg   + . .     SustAb   .     (no shield)
rPois  ∞         Gourm    .     z - +2 helmet
rElec  +         Spirit   .     N - +0 cloak
rCorr  .         Warding  .     S - +0 pair of gloves
rMut   .         Stasis   .     G - +0 pair of boots
MR     ++...                    f - amulet of faith
Stlth  +++.......               K - +3 ring of intelligence
                                h - ring "Uleallez" {rElec MR+ Str+2 Int-3}

@: mighty, very resistant to hostile enchantments, fairly stealthy
A: dopey 2, low mp 1, magic resistance 1, negative energy resistance 1,
regeneration 1, robust 1, electricity resistance, spit poison 1, wild magic 1,
unbreathing, petrification resistance, rot immunity, no air magic, no
conjurations magic, no hexes magic, MP-powered wands 1, AC +7
a: Spit Poison, Sacrifice Nimbleness, Sacrifice Courage, Sacrifice Stealth,
Reject Sacrifices, Renounce Religion


You were on level 12 of the Dungeon.
You worshipped Ru.
Ru was aware of your devotion.
You were not hungry.

You visited 2 branches of the dungeon, and saw 13 of its levels.

You collected 625 gold pieces.
You spent 539 gold pieces at shops.

Inventory:

Hand weapons
 a - a +1 flail
 o - a +0 shortbow of flaming
 w - a cursed +2 blowgun
 y - a +5 falchion of draining
 L - a +0 club of chaos (weapon)
Missiles
 g - 12 poisoned bolts
 k - 29 poisoned needles
 l - 80 bolts
 p - 2 throwing nets (quivered)
 s - 86 arrows
 J - 10 needles of confusion
 O - 7 arrows of dispersal
 R - 5 needles of frenzy
Armour
 b - a +0 scale mail (worn)
 c - a +0 shield
 z - a +2 helmet (worn)
 G - a +0 pair of boots (worn)
 N - a +0 cloak (worn)
 S - a +0 pair of gloves (worn)
Jewellery
 f - an amulet of faith (around neck)
 h - the ring "Uleallez" (left hand) {rElec MR+ Str+2 Int-3}
   (You bought it in a shop on level 12 of the Dungeon)

   [ring of protection from magic]

   It affects your strength (+2).
   It affects your intelligence (-3).
   It insulates you from electricity.
   It affects your resistance to hostile enchantments.
 x - an uncursed ring of flight
 K - a +3 ring of intelligence (right hand)
Magical devices
 A - a wand of magic darts (18)
 B - a wand of fireball (8)
 D - a wand of heal wounds (5)
 E - a wand of frost (14)
 F - a wand of polymorph (8)
 I - a wand of random effects (30)
 M - a wand of lightning (3)
Scrolls
 j - 2 scrolls of enchant armour
 n - 7 scrolls of remove curse
 r - 5 scrolls of identify
 u - a scroll of fog
 v - a scroll of amnesia
Potions
 e - 3 potions of might
 t - 2 potions of restore abilities
 H - a potion of curing
Books
 i - a book of Spatial Translocations

   Spells                             Type                      Level
   a - Apportation                    Translocation                1
   b - Blink                          Translocation                2
   c - Shroud of Golubria             Charms/Translocation         2
   d - Portal Projectile              Translocation                3
   e - Teleport Other                 Translocation                3
   f - Passage of Golubria            Translocation                4
Comestibles
 d - 13 bread rations
 m - 3 meat rations
 q - 8 chunks of flesh
 P - 5 slices of pizza


   Skills:
 + Level 8.2 Fighting
 + Level 7.0 Long Blades
 - Level 2.5 Maces & Flails
 * Level 0.0 Bows
 - Level 5.7 Throwing
 + Level 7.6 Armour
 - Level 4.1 Dodging
 + Level 9.3 Stealth
 + Level 7.5 Shields
 + Level 5.7 Spellcasting
 * Level 3.9 Evocations


You had 20 spell levels left.
You knew the following spells:

 Your Spells              Type           Power        Failure   Level  Hunger
a - Apportation           Tloc           #.........   85%         1    ##.....


Dungeon Overview and Level Annotations

Branches:
Dungeon (12/15)            Temple (1/1) D:6            Lair (0/8) D:10
    Orc: D:9-12

Altars:
Ashenzari
Cheibriados
Dithmenos
Elyvilon
Fedhas
Gozag
Kikubaaqudgha
Makhleb
Nemelex Xobeh
Okawaru
Qazlal
Ru
Sif Muna
Trog
Vehumet
Xom
Yredelemnul
Zin
The Shining One

Shops:
D:2 *   D:5 %   D:7 :   D:12 (==


Innate Abilities, Weirdness & Mutations

You are resistant to torment.
You are immune to poison.
Your stone body is very resilient (AC +7).
Your magical capacity is low (-10% MP).
You resist negative energy.
You are resistant to electric shocks.
You can survive without breathing.
You are immune to petrification.
You are immune to rotting.
You cannot study or cast Air magic.
You cannot study or cast Conjurations magic.
You cannot study or cast Hexes magic.
You are very dopey. (Int -4)
You are resistant to hostile enchantments.
Your natural rate of healing is unusually fast.
You are robust (+10% HP).
You can spit poison.
Your spells are a little harder to cast, but a little more powerful.
You expend magic power (3 MP) to slightly strengthen your wands.


Message History

L - a +0 club of chaos (weapon)
You thump the 18-headed hydra!
The 18-headed hydra is heavily wounded.
The 18-headed hydra bites you.
* * * LOW HITPOINT WARNING * * *
The 18-headed hydra bites you but does no damage.
The 18-headed hydra bites you.
* * * LOW HITPOINT WARNING * * *
The 18-headed hydra bites you but does no damage. x2
The 18-headed hydra closely misses you.
The 18-headed hydra bites you but does no damage.
The 18-headed hydra barely misses you.
The 18-headed hydra bites you but does no damage. x2
The 18-headed hydra closely misses you. The 18-headed hydra bites you.
* * * LOW HITPOINT WARNING * * *
The 18-headed hydra bites you.
* * * LOW HITPOINT WARNING * * *
The 18-headed hydra bites you but does no damage.
The 18-headed hydra bites you.
You die...

.#####...#.... #.#
#...'.... #.#
#...##### #######.#
#...()(.( #.......#
#.......#
#......%#####....(..#
#...................#
#......<............#
#...@D........(.....#
#.∩..................
#....................
#....................
#....................
###############......
#...... #######


You could see a 18-headed hydra.

Vanquished Creatures
  A centaur warrior (D:12)
  A cyclops (D:10)
  Maurice (D:9)
  2 trolls
  4 slime creatures (D:12)
  A deep elf mage (D:10)
  3 hippogriffs
  3 yaks (D:12)
  A hungry ghost (D:11)
  A human (D:9)
  3 wargs (D:10)
  2 water moccasins (D:10)
  2 orc warriors
  2 black bears
  2 necrophages
  A phantom (D:8)
  2 eyes of draining
  4 sky beasts
  An ice beast (D:11)
  4 ogres
  3 centaurs
  A big kobold (D:9)
  A brain worm (D:11)
  A gnoll sergeant (D:9)
  5 giant frogs
  A water moccasin skeleton (D:8)
  A scorpion (D:11)
  5 crimson imps
  2 goliath beetles
  3 centaur zombies
  2 centaur skeletons
  7 orc priests
  4 jellies
  5 orc wizards
  Natasha (thrice) (D:4)
  3 iguanas
  4 hounds
  A killer bee zombie (D:9)
  5 worker ants
  A hound zombie (D:8)
  A mummy (D:12)
  Robin (D:3)
  7 adders
  A worker ant zombie (D:10)
  16 gnolls
  3 shadow imps
  A giant mite (D:6)
  A worm (D:2)
  3 adder skeletons
  An adder zombie (D:6)
  6 giant geckos
  2 oozes
  17 orcs
  22 bats
  A bat zombie (D:6)
  16 hobgoblins
  24 jackals
  4 giant cockroaches
  A giant gecko skeleton (D:7)
  5 giant newts
  23 goblins
  28 kobolds
  16 rats
299 creatures vanquished.

Vanquished Creatures (others)
  An unseen horror (D:12)
1 creature vanquished.

Grand Total: 300 creatures vanquished

Notes
Turn   | Place    | Note
--------------------------------------------------------------
     0 | D:1      | Jb9000, the Gargoyle Fighter, began the quest for the Orb.
     0 | D:1      | Reached XP level 1. HP: 14/14 MP: 1/1
   194 | D:1      | Reached XP level 2. HP: 19/19 MP: 2/2
   368 | D:1      | Reached skill level 1 in Stealth
   381 | D:1      | Reached skill level 1 in Spellcasting
   398 | D:1      | Reached XP level 3. HP: 16/23 MP: 4/4
  1398 | D:2      | Found a deep blue altar of Sif Muna.
  1471 | D:2      | Reached XP level 4. HP: 26/28 MP: 5/5
  1596 | D:2      | Found Zin's Purification Station.
  1599 | D:2      | Found a glowing silver altar of Zin.
  2266 | D:3      | Noticed Robin
  2275 | D:3      | Killed Robin
  2275 | D:3      | Reached XP level 5. HP: 28/32 MP: 7/7
  2714 | D:4      | Noticed Natasha
  2725 | D:4      | Killed Natasha
  2725 | D:4      | Reached skill level 1 in Throwing
  2736 | D:4      | Reached skill level 1 in Long Blades
  2758 | D:4      | Found an ancient bone altar of Kikubaaqudgha.
  2759 | D:4      | Found a blossoming altar of Fedhas.
  2867 | D:4      | Reached skill level 4 in Armour
  2867 | D:4      | Reached XP level 6. HP: 18/38 MP: 9/9
  3189 | D:4      | Noticed Natasha
  3196 | D:4      | Killed Natasha
  3275 | D:4      | Noticed Natasha
  3280 | D:4      | Killed Natasha
  3753 | D:5      | Entered Level 5 of the Dungeon
  4096 | D:5      | Found a shattered altar of Ashenzari.
  4102 | D:5      | Found a glowing golden altar of the Shining One.
  4102 | D:5      | Found a snail-covered altar of Cheibriados.
  4102 | D:5      | Found a white marble altar of Elyvilon.
  4366 | D:5      | Reached XP level 7. HP: 32/43 MP: 10/12
  4564 | D:5      | Found Veadol's Food Emporium.
  4567 | D:5      | Bought a bread ration for 60 gold pieces
  4708 | D:6      | Found a staircase to the Ecumenical Temple.
  5018 | Temple   | Entered the Ecumenical Temple
  5121 | Temple   | Became a worshipper of Ru the Awakened
  5291 | D:6      | Found a bloodstained altar of Trog.
  5336 | D:6      | Reached XP level 8. HP: 45/48 MP: 14/14
  6419 | D:7      | Reached skill level 5 in Stealth
  6442 | D:7      | Reached skill level 5 in Fighting
  6492 | D:7      | Gained mutation: You cannot study or cast Air magic. [Ru sacrifice]
  6492 | D:7      | Gained mutation: You cannot study or cast Hexes magic. [Ru sacrifice]
  6492 | D:7      | Gained mutation: You cannot study or cast Conjurations magic. [Ru sacrifice]
  6492 | D:7      | Acquired Ru's first power
  6538 | D:7      | Reached skill level 5 in Shields
  6610 | D:7      | Reached skill level 5 in Armour
  6787 | D:7      | Found Bytiosyzuy's Book Emporium.
  7056 | D:7      | Gained mutation: You are dopey. (Int -2) [potion of mutation]
  7056 | D:7      | Gained mutation: You expend magic power (3 MP) to slightly strengthen your wands. [potion of mutation]
  7056 | D:7      | Gained mutation: You can spit poison. [potion of mutation]
  7057 | D:7      | Gained mutation: You are robust (+10% HP). [potion of mutation]
  7057 | D:7      | Gained mutation: You are very dopey. (Int -4) [potion of mutation]
  7057 | D:7      | Gained mutation: Your natural rate of healing is unusually fast. [potion of mutation]
  7155 | D:7      | Found a shadowy altar of Dithmenos.
  7370 | D:7      | Found a sparkling altar of Nemelex Xobeh.
  7680 | D:7      | Reached skill level 6 in Stealth
  7680 | D:7      | Reached XP level 9. HP: 59/59 MP: 18/18
  8115 | D:8      | Reached skill level 7 in Fighting
  8115 | D:8      | Reached skill level 5 in Throwing
  8115 | D:8      | Reached XP level 10. HP: 66/69 MP: 18/21
  8201 | D:8      | Found a shimmering altar of Xom.
  9055 | D:9      | Gained mutation: You are resistant to hostile enchantments. [mutagenic meat]
  9087 | D:9      | Reached skill level 5 in Spellcasting
  9103 | D:9      | Reached skill level 8 in Stealth
  9212 | D:9      | Gained mutation: Your magical capacity is low (-10% MP). [Ru sacrifice]
  9447 | D:9      | Noticed Maurice
  9473 | D:9      | Killed Maurice
  9513 | D:9      | Reached skill level 1 in Evocations
  9587 | D:9      | Found an iron altar of Okawaru.
 10012 | D:10     | Entered Level 10 of the Dungeon
 10042 | D:10     | Found a staircase to the Lair.
 10324 | D:10     | Noticed a cyclops
 10344 | D:10     | Killed a cyclops
 10344 | D:10     | Reached XP level 11. HP: 48/73 MP: 10/20
 11175 | D:11     | Gained mutation: Your spells are a little harder to cast, but a little more powerful. [mutagenic meat]
 11178 | D:11     | Learned a level 1 spell: Apportation
 11334 | D:11     | You fall through a shaft!
 11398 | D:12     | Noticed a five-headed hydra
 11401 | D:12     | Noticed a centaur warrior
 11409 | D:12     | Killed a centaur warrior
 11409 | D:12     | Reached skill level 9 in Stealth
 11429 | D:12     | Found Hoty's Jewellery Shop.
 11434 | D:12     | Bought the ring "Uleallez" {rElec MR+ Str+2 Int-3} for 479 gold pieces
 11498 | D:12     | Found Ozxoelos' Jewellery Emporium.
 11590 | D:12     | Killed an unseen horror
 11767 | D:12     | Found Jalloys' Antique Weapon Boutique.
 11776 | D:12     | Slain by a 18-headed hydra

Action                   |  1- 3 |  4- 6 |  7- 9 | 10-12 || total
-------------------------+-------+-------+-------+-------++-------
Melee: Flail             |   180 |    81 |       |       ||   261
       Falchion          |       |   156 |   259 |   379 ||   794
       Club              |       |       |       |     1 ||     1
 Fire: Blowgun           |       |    33 |    69 |   128 ||   230
       Shortbow          |       |       |       |     5 ||     5
Invok: Sacrifice Arcana  |       |       |     1 |       ||     1
       Sacrifice Essence |       |       |       |     1 ||     1
 Abil: Spit Poison       |       |       |     2 |       ||     2
Evoke: Wand              |       |       |     1 |    15 ||    16
  Use: Scroll            |     1 |    12 |    11 |    10 ||    34
       Potion            |     1 |     3 |     9 |     4 ||    17
 Stab: Distracted        |       |     1 |       |       ||     1
       Sleeping          |       |       |     4 |    18 ||    22
  Eat: Chunk             |     2 |     4 |     6 |     9 ||    21
       Fruit             |     2 |       |     4 |       ||     6
       Pizza             |       |     3 |       |     4 ||     7
       Meat ration       |       |       |     1 |       ||     1
